 Dungeon Crawl Stone Soup version 0.31.0-32-g396128a36d (webtiles) character file.

Game seed: 9063882977181207877

176743 gohu the Eclecticist (level 18, -2/135 HPs)
             Began as a Djinni Fire Elementalist on Mar 12, 2024.
             Was the Champion of Makhleb.
             Slain by an Executioner (22 damage)
             ... summoned by the player character
             ... on level 1 of the Shoals.
             The game lasted 01:42:48 (30563 turns).

gohu the Eclecticist (Djinni Fire Elementalist)    Turns: 30563, Time: 01:42:48

Health: -2/135     AC: 11    Str: 13    XL:     18   Next: 80%
Gold:   772        EV: 22    Int: 23    God:    Makhleb [******] SH: 19 Dex: 19

rFire   + + .        J - +1 morningstar of Analysis {protect, rF+ rCorr Dex+3}
rCold   . . .        O - +0 kite shield
rNeg    . . .        V - +2 robe {Will+}
rPois   ∞            R - +2 hat
rElec   +            a - +2 cloak
rCorr   +            P - +1 pair of gloves of Pessimism {rElec Str+6}
SInv    .            (boots unavailable)
Will    ++...        Y - amulet of reflection
Stlth   ++           T - +5 ring of evasion
HPRegen 0.42/turn    g - ring of ice
MPRegen 0.00/turn

%: reflection, infuse magic (-3 HP)
@: about to teleport, spiked, flying
A: sickness immunity, fire resistance 2, cold vulnerability 1, float, innate
caster, HP casting, extra vitality 1
a: Renounce Religion, Minor Destruction, Lesser Servant of Makhleb, Major
Destruction, Greater Servant of Makhleb


You were on level 1 of the Shoals.
You worshipped Makhleb.
Makhleb was exalted by your worship.
You visited 5 branches of the dungeon, and saw 24 of its levels.
You also visited: Gauntlet.

You collected 2784 gold pieces.
You spent 2012 gold pieces at shops.

Inventory:

Hand Weapons
 J - the +1 morningstar of Analysis (weapon) {protect, rF+ rCorr Dex+3}
   (You found it on level 12 of the Dungeon)

   Dex+3:     It affects your dexterity (+3).
   rF+:       It protects you from fire.
   rCorr:     It protects you from acid and corrosion.
Missiles
 D - 2 throwing nets
Armour
 a - a +2 cloak (worn)
 v - a +0 pair of gloves
 F - a +0 tower shield
 M - a scarf of repulsion
 O - a +0 kite shield (worn)
 P - the +1 pair of gloves of Pessimism (worn) {rElec Str+6}
   (You bought it in a shop on level 2 of the Orcish Mines)

   Str+6:     It affects your strength (+6).
   rElec:     It insulates you from electricity.
 R - a +2 hat (worn)
 S - the +5 ring mail "Ahues" {rElec Regen+ rCorr Str-3}
   (You found it on level 14 of the Dungeon)

   Str-3:     It affects your strength (-3).
   rElec:     It insulates you from electricity.
   Regen+:    It increases your rate of health regeneration.
   rCorr:     It protects you from acid and corrosion.
 V - a +2 robe of willpower (worn)
Magical Staves
 Q - a staff of alchemy
Jewellery
 g - a ring of ice (right hand)
 w - an amulet of the acrobat
 x - an amulet of regeneration
 y - a ring of willpower
 I - a ring of protection from fire
 T - a +5 ring of evasion (left hand)
 Y - an amulet of reflection (around neck)
Wands
 l - a wand of digging (9)
 q - a wand of flame (5)
 s - a wand of roots (19)
 W - a wand of quicksilver (6)
 X - a wand of mindburst (5)
 Z - a wand of paralysis (36)
Scrolls
 b - a scroll of blinking
 c - 6 scrolls of fear
 d - a scroll of summoning
 e - 5 scrolls of revelation
 f - 2 scrolls of vulnerability
 h - 12 scrolls of teleportation
 m - 3 scrolls of brand weapon
 B - a scroll of fog
 C - 4 scrolls of poison
 K - 3 scrolls of enchant weapon
 L - 2 scrolls of enchant armour
 U - a scroll of silence
Potions
 j - 4 potions of invisibility
 k - 5 potions of heal wounds
 n - 3 potions of might
 o - 5 potions of haste
 p - a potion of resistance
 r - 2 potions of brilliance
 t - 5 potions of mutation
 u - 4 potions of berserk rage
 z - 5 potions of enlightenment
 A - 8 potions of curing
 E - 2 potions of ambrosia
 H - 3 potions of lignification
 N - 4 potions of cancellation
Miscellaneous
 i - a phantom mirror


   Skills:
 + Level 14.0 Fighting
 - Level 5.1 Armour
 - Level 9.2 Dodging
 - Level 1.5 Stealth
 * Level 14.3 Shields
 - Level 16.0 Spellcasting
 - Level 16.0 Conjurations
 - Level 16.0 Hexes
 - Level 16.0 Summonings
 - Level 16.0 Necromancy
 - Level 16.0 Translocations
 - Level 16.0 Fire Magic
 - Level 16.0 Ice Magic
 - Level 16.0 Air Magic
 - Level 16.0 Earth Magic
 - Level 16.0 Alchemy
 + Level 8.3 Invocations


You knew the following spells:

 Your Spells              Type           Power      Damage    Failure   Level
a - Foxfire               Conj/Fire      100%       2x1d9     0%          1
b - Scorch                Fire           100%       2d9       0%          2
c - Flame Wave            Conj/Fire      75%        2d17      1%          4
d - Eringya's Noxious Bo  Alch           37%        4d6       1%          6
e - Volatile Blastmotes   Fire/Tloc      100%       2d18      1%          3
f - Slow                  Hex            100%       N/A       0%          1
g - Jinxbite              Hex            100%       N/A       0%          2
h - Fugue of the Fallen   Necr           75%        N/A       1%          3
i - Cause Fear            Hex            37%        N/A       1%          4
j - Irradiate             Conj/Alch      37%        3d24      1%          5
k - Iskenderun's Battles  Conj           75%        2d12      1%          5
l - Inner Flame           Hex/Fire       75%        N/A       1%          3
m - Summon Cactus Giant   Summ           37%        N/A       1%          6
Your spell library was empty.

Dungeon Overview and Level Annotations

Branches:
Dungeon (15/15)            Temple (1/1) D:4            Lair (5/5) D:10
 Shoals (1/4) Lair:3        Snake (0/4) Lair:3        Slime (0/5) Lair:4
    Orc (2/2) D:11            Elf (0/3) Orc:2        Vaults (0/5) D:13
 Depths (0/4) D:15        Gauntlet (visited)

Altars:
Ashenzari
Cheibriados
Dithmenos
Elyvilon
Fedhas
Gozag
Hepliaklqana
Makhleb
Nemelex Xobeh
Okawaru
Qazlal
Ru
Trog
Uskayaw
Wu Jian
Xom
Yredelemnul
Zin
The Shining One

Shops:
D:1 (   D:4 =   D:5 ?*!??   D:14 (   Orc:1 [   Orc:2 =[!

Annotations:
Lair:1 exclusion: oklob plant


Innate Abilities, Weirdness & Mutations

You are immune to sickness and miasma.
You are immune to poison.
Your flesh is very heat resistant. (rF++)
You are vulnerable to cold. (rC-)
You float through the air rather than walking.
You learn spells naturally, not from books.
Your magical power is your life essence.
You have superior vitality. (+4 MHP)


Message History

You kill the faun!
Makhleb accepts your kill.
A manticore comes into view.
Aiming: Fastroot
Press: ? - help, Shift-Dir - straight line, f - manticore
Aim: a manticore The roots erupt in riotous growth!
Roots grab the manticore.
The faun shouts!
Your noxious spew wanes.
The grasping roots constrict the manticore.
The faun unwields a +0 spear.
The faun wields a +0 sling.
The faun shoots a sling bullet.
You block the sling bullet with an invisible shield... and reflect it back!
The sling bullet hits the faun!!
You kill the faun!
Makhleb accepts your kill.
You feel better.
The manticore flicks its tail.
The volley of spikes skewers you!
The barbed spikes become lodged in your body.
* * * LOW HITPOINT WARNING * * *
A demon appears!
It doesn't seem very happy.
The grasping roots constrict the manticore!
The roots release their grip on the manticore.
The manticore flicks its tail.
The volley of spikes misses you.
As you read the scroll of teleportation, it crumbles to dust.
You feel strangely unstable.
The Executioner gestures.
The Executioner seems to speed up.
The barbed spikes dig painfully into your body as you move.
* * * LOW HITPOINT WARNING * * *
The Executioner attacks as it pursues you!
The Executioner closely misses you. You block the Executioner's attack.
The Executioner hits you but does no damage. x2
You block the Executioner's attack. The Executioner barely misses you.
The Executioner hits you!!
You die...

################
≈≈≈≈≈≈≈≈≈≈≈≈≈≈≈≈
≈≈≈≈≈≈≈≈≈≈≈≈≈≈≈≈≈
≈≈≈≈≈≈≈≈≈≈@≈≈≈≈≈≈≈
~~≈≈≈≈≈≈≈~~1~≈≈≈≈≈≈
~~~≈≈≈≈≈~~~H~~~≈≈≈≈≈≈≈≈≈≈≈≈≈
.~~~≈≈≈~~..~~~~~≈≈≈≈≈≈≈≈≈≈≈≈
...~~~≈~...[.~~~~≈≈≈≈≈≈≈≈≈≈≈
...~~~~~~.......~~~≈≈≈≈≈≈≈≈≈≈
~.~.~.~~~.......~~~~~~~~~≈≈≈≈
~~~...~~~)......~~~~~~~~~~≈≈≈
~~~~~~~~.).......~~~~...~~~≈≈


You could see an Executioner (summoned, fast) and a manticore.

Vanquished Creatures
  Nikola (Shoals:1)
  Jorgrun (D:15)
  A sphinx (D:14)
  Gastronok (D:9)
  A frost giant (D:14)
  Azrael (Orc:1)
  A quicksilver dragon zombie (D:15)
  2 ettins (D:14)
  The ghost of Longtemps the Arsonist, a journeyman OpFE of Vehumet (D:12)
  An entropy weaver (shapeshifter) (D:10)
  11 vault guards
  An ice dragon (Lair:5)
  10 hydras
  Erolcha (Orc:2)
  4 ogre magi (Orc:2)
  11 two-headed ogres
  12 death yaks
  7 centaur warriors
  2 tengu warriors (D:14)
  A boulder beetle (D:14)
  Urug (D:11)
  A vampire mage (D:15)
  6 orc high priests (Orc:2)
  Nergalle (D:12)
  4 skysharks
  6 skeletal warriors
  An arcanist (D:13)
  2 sea snakes (Shoals:1)
  Pikel (D:6)
  A swamp dragon (Lair:5)
  An orc knight (Orc:1)
  2 necromancers (D:13)
  An ugly thing (D:12)
  A salamander (Lair:3)
  3 orc sorcerers
  2 manticores (D:14)
  The ghost of grmbl the Destroyer, a novice FeCj of Vehumet (D:8)
  2 fauns (Shoals:1)
  A merfolk siren (Shoals:1)
  An elephant (shapeshifter) (D:14)
  3 meliai (D:13)
  2 kobold blastminers (Orc:2)
  A black mamba (Lair:5)
  A gargoyle (D:8)
  9 cane toads
  8 rime drakes
  A kobold demonologist (D:13)
  3 unseen horrors
  Psyche (D:12)
  A tengu conjurer (D:13)
  9 komodo dragons
  A yaktaur (D:13)
  A troll (shapeshifter) (D:15)
  5 trolls
  A queen bee (shapeshifter) (D:14)
  2 polar bears
  3 merfolk (Shoals:1)
  A wolf spider simulacrum (D:14)
  2 hornets (D:9)
  11 blink frogs
  A wind drake (Shoals:1)
  A dream sheep (Lair:4)
  Sigmund (D:4)
  6 slime creatures
  Prince Ribbit (D:7)
  2 centaur simulacra
  A spriggan skeleton (D:15)
  A water elemental (Shoals:1)
  2 wyverns
  A shadow (D:7)
  3 wraiths
  A vampire (D:11)
  A human (shapeshifter) (D:14)
  7 basilisks
  A steam dragon (D:6)
  58 yaks
  A fire elemental (Orc:1)
  18 humans (D:13)
  8 vampire mosquitoes
  The ghost of aheadsoundss the Insei, an amateur MfSh (D:4)
  10 wargs
  3 nagas (Lair:3)
  13 water moccasins
  3 acid dragons
  5 hell hounds
  A swamp drake (Lair:5)
  14 orc warriors
  A sky beast (D:7)
  An ice beast (D:6)
  2 laughing skulls (D:15)
  6 ogres
  2 black bears
  29 wolves
  3 phantoms
  12 centaurs
  2 lemures (D:6)
  5 kobold brigands
  2 gnoll sergeants
  9 bullfrogs
  3 scorpions
  16 wights
  14 killer bees
  4 electric eels
  3 howler monkeys
  2 bombardier beetles
  4 hounds
  A jelly (D:6)
  23 orc priests
  8 iguanas
  Natasha (thrice) (D:4)
  13 orc wizards
  Ijyb (D:4)
  9 hell rats
  A mummy (D:5)
  Robin (D:4)
  11 gnolls
  12 adders
  5 river rats (Lair:4)
  4 shadow imps
  2 white imps (D:6)
  5 dart slugs
  4 ribbon worms
  76 orcs
  9 ball pythons
  An endoplasm (D:1)
  2 giant cockroaches
  13 goblins
  8 hobgoblins
  2 jackals (D:3)
  5 quokkas
  8 bats
  3 frilled lizards
  A hobgoblin zombie (D:5)
  24 kobolds
  A kobold zombie (D:5)
  2 orc zombies (D:5)
  6 rats
725 creatures vanquished.

Vanquished Creatures (collateral kills)
  A skeletal warrior (D:15)
  A storm dragon skeleton (D:15)
  A necromancer (D:15)
  An orc knight (D:15)
  A cyclops (D:15)
  A deep elf pyromancer (D:14)
  An efreet (D:14)
  An orc warrior (D:15)
  An orc (D:15)
  10 foxfires
19 creatures vanquished.

Vanquished Creatures (others)
  A butterfly (Lair:5)
  1149 foxfires
1150 creatures vanquished.

Grand Total: 1894 creatures vanquished

Notes
Turn   | Place    | Note
-------+----------+-------------------------------------------
     0 | D:1      | gohu the Djinni Fire Elementalist began the quest for the
                  | Orb.
     0 | D:1      | gohu set off with the following spells memorised: Foxfire,
                  | Scorch, Volatile Blastmotes, Inner Flame, Flame Wave.
     0 | D:1      | Reached XP level 1. HP: 15/15 MP: 0/0
   126 | D:1      | Found Yriad's Antique Weapon Emporium.
   151 | D:1      | Reached XP level 2. HP: 18/21 MP: 0/0
   353 | D:1      | Reached XP level 3. HP: 23/25 MP: 0/0
   353 | D:1      | Learned a level 1 spell: Slow
  1076 | D:2      | Reached XP level 4. HP: 29/31 MP: 0/0
  1868 | D:3      | Reached XP level 5. HP: 33/35 MP: 0/0
  1868 | D:3      | Learned a level 2 spell: Jinxbite
  2035 | D:3      | Found a hazy altar of Hepliaklqana.
  2245 | D:3      | Found a glowing silver altar of Zin.
  2732 | D:4      | Found Sopigent's Jewellery Shop.
  2796 | D:4      | Reached skill level 5 in Spellcasting
  2796 | D:4      | Reached skill level 5 in Conjurations
  2796 | D:4      | Reached skill level 5 in Hexes
  2796 | D:4      | Reached skill level 5 in Summonings
  2796 | D:4      | Reached skill level 5 in Necromancy
  2796 | D:4      | Reached skill level 5 in Translocations
  2796 | D:4      | Reached skill level 5 in Fire Magic
  2796 | D:4      | Reached skill level 5 in Ice Magic
  2796 | D:4      | Reached skill level 5 in Air Magic
  2796 | D:4      | Reached skill level 5 in Earth Magic
  2796 | D:4      | Reached skill level 5 in Alchemy
  2813 | D:4      | Noticed Robin
  2822 | D:4      | Killed Robin
  2945 | D:4      | Reached XP level 6. HP: 36/40 MP: 0/0
  3011 | D:4      | Noticed Natasha
  3019 | D:4      | Killed Natasha
  3026 | D:4      | Noticed Natasha
  3033 | D:4      | Killed Natasha
  3082 | D:4      | Noticed aheadsoundss's ghost (amateur MfSh)
  3117 | D:4      | Noticed Sigmund
  3120 | D:4      | Noticed Natasha
  3129 | D:4      | Killed Natasha
  3141 | D:4      | Killed Sigmund
  3142 | D:4      | Reached XP level 7. HP: 16/45 MP: 0/0
  3142 | D:4      | Learned a level 3 spell: Fugue of the Fallen
  3277 | D:4      | Found a staircase to the Ecumenical Temple.
  3285 | D:4      | Noticed Ijyb
  3286 | Temple   | Entered the Ecumenical Temple
  3302 | Temple   | Became a worshipper of Makhleb the Destroyer
  3354 | D:4      | Killed Ijyb
  3489 | D:4      | Found an opulent altar of Gozag.
  3519 | D:4      | Found a runed translucent door.
  3782 | D:4      | Found a snail-covered altar of Cheibriados.
  4008 | D:5      | Entered Level 5 of the Dungeon
  4124 | D:5      | Reached XP level 8. HP: 46/50 MP: 0/0
  4211 | D:5      | Found Douzaj's Distillery.
  4219 | D:5      | Bought a potion of heal wounds for 65 gold pieces
  4219 | D:5      | Bought a potion of heal wounds for 65 gold pieces
  4219 | D:5      | Bought a potion of degeneration for 13 gold pieces
  4236 | D:5      | Found Kuf Bion's Magic Scroll Shop.
  4245 | D:5      | Bought a scroll of teleportation for 39 gold pieces
  4590 | D:5      | Found Qodgh's Magic Scroll Boutique.
  4611 | D:5      | Bought a scroll of identify for 26 gold pieces
  4611 | D:5      | Bought a scroll of fear for 52 gold pieces
  4660 | D:5      | Found Gothiorch's General Store.
  4665 | D:5      | Bought a potion of curing for 39 gold pieces
  4693 | D:5      | Reached * piety under Makhleb
  4842 | D:5      | Found Lachoera's Magic Scroll Boutique.
  4850 | D:5      | Bought a scroll of identify for 28 gold pieces
  5205 | D:6      | Reached skill level 1 in Fighting
  5206 | D:6      | Reached XP level 9. HP: 44/58 MP: 0/0
  5206 | D:6      | Learned a level 4 spell: Cause Fear
  5647 | D:6      | Noticed Pikel
  5663 | D:6      | Killed Pikel
  5664 | D:6      | Reached skill level 5 in Fighting
  5684 | D:6      | Reached skill level 5 in Dodging
  5826 | D:6      | Reached ** piety under Makhleb
  6178 | D:6      | Found a sacrificial altar of Ru.
  6363 | D:7      | Reached XP level 10. HP: 64/73 MP: 0/0
  6544 | D:7      | Noticed Prince Ribbit
  6598 | D:7      | Killed Prince Ribbit
  7424 | D:8      | Reached *** piety under Makhleb
  7475 | D:8      | Noticed a boulder beetle
  7801 | D:8      | Noticed a gargoyle
  8265 | D:8      | Found a hide-covered altar of Uskayaw.
  8449 | D:8      | Noticed a two-headed ogre
  8489 | D:8      | Killed a two-headed ogre
  8490 | D:8      | Reached skill level 10 in Fighting
  8490 | D:8      | Reached XP level 11. HP: 65/85 MP: 0/0
  8490 | D:8      | Learned a level 5 spell: Irradiate
  8814 | D:8      | Noticed a centaur warrior
  8832 | D:8      | Killed a centaur warrior
  9125 | D:8      | Found a runed translucent door.
  9125 | D:8      | Noticed grmbl's ghost (novice FeCj)
  9167 | D:8      | Noticed a six-headed hydra
  9175 | D:8      | Killed a six-headed hydra
 10617 | D:9      | Found a broken altar of Ashenzari.
 10673 | D:9      | Noticed Gastronok
 11093 | D:9      | Reached skill level 1 in Shields
 11341 | D:9      | Found a sparkling altar of Nemelex Xobeh.
 11878 | D:9      | Killed Gastronok
 12062 | D:10     | Entered Level 10 of the Dungeon
 12086 | D:10     | Reached XP level 12. HP: 69/94 MP: 0/0
 12092 | D:10     | Reached **** piety under Makhleb
 12257 | D:10     | Noticed an entropy weaver
 12262 | D:10     | Killed an entropy weaver
 12266 | D:10     | Reached skill level 5 in Shields
 12446 | D:10     | Found a blossoming altar of Fedhas.
 12682 | D:10     | Reached skill level 10 in Shields
 12682 | D:10     | Reached XP level 13. HP: 99/99 MP: 0/0
 12682 | D:10     | Learned a level 5 spell: Iskenderun's Battlesphere
 12683 | D:10     | Reached XP level 14. HP: 105/105 MP: 0/0
 12819 | D:5      | Bought a scroll of blinking for 97 gold pieces
 12867 | D:5      | Bought a scroll of enchant armour for 97 gold pieces
 12867 | D:5      | Bought a scroll of identify for 26 gold pieces
 13006 | D:8      | Killed grmbl's ghost
 13145 | D:4      | Killed aheadsoundss's ghost
 13352 | D:10     | Found a staircase to the Lair.
 14022 | D:11     | Noticed Urug
 14038 | D:11     | Killed Urug
 14453 | D:11     | Reached skill level 10 in Spellcasting
 14453 | D:11     | Reached skill level 10 in Conjurations
 14453 | D:11     | Reached skill level 10 in Hexes
 14453 | D:11     | Reached skill level 10 in Summonings
 14453 | D:11     | Reached skill level 10 in Necromancy
 14453 | D:11     | Reached skill level 10 in Translocations
 14453 | D:11     | Reached skill level 10 in Fire Magic
 14453 | D:11     | Reached skill level 10 in Ice Magic
 14453 | D:11     | Reached skill level 10 in Air Magic
 14453 | D:11     | Reached skill level 10 in Earth Magic
 14453 | D:11     | Reached skill level 10 in Alchemy
 14617 | D:11     | Found a staircase to the Orcish Mines.
 15446 | Lair:1   | Entered Level 1 of the Lair of Beasts
 15571 | Lair:1   | Found a gate leading to a gauntlet.
 15582 | Gauntlet | Entered a Gauntlet
 15582 | Gauntlet | Found a transporter.
 15683 | Gauntlet | Found a transporter.
 15686 | Gauntlet | Found a transporter.
 15687 | Gauntlet | Found a transporter.
 15694 | Gauntlet | Found a runed translucent door.
 15697 | Gauntlet | Found a transporter.
 15698 | Gauntlet | Found a transporter.
 15699 | Gauntlet | Found a transporter.
 15710 | Gauntlet | Found a transporter.
 15710 | Gauntlet | Found a transporter.
 15711 | Gauntlet | Found a transporter.
 15719 | Gauntlet | Found a transporter.
 15722 | Gauntlet | Found a transporter.
 15723 | Gauntlet | Found a transporter.
 15739 | Gauntlet | Found a transporter.
 17675 | Lair:2   | Reached ***** piety under Makhleb
 18121 | Lair:3   | Reached XP level 15. HP: 59/111 MP: 0/0
 18121 | Lair:3   | Learned a level 6 spell: Eringya's Noxious Bog
 18565 | Lair:3   | Found a staircase to the Snake Pit.
 18855 | Lair:3   | Found a staircase to the Shoals.
 19815 | Lair:4   | Found a staircase to the Slime Pits.
 20502 | Lair:5   | Entered Level 5 of the Lair of Beasts
 20756 | Lair:5   | Reached skill level 1 in Invocations
 20978 | Lair:5   | Reached ****** piety under Makhleb
 22717 | D:12     | Noticed Nergalle
 22720 | D:12     | Killed Nergalle
 22808 | D:12     | Noticed Psyche
 22814 | D:12     | Killed Psyche
 22867 | D:12     | Found a transporter.
 22868 | D:12     | Noticed Longtemps's ghost (journeyman OpFE)
 22871 | D:12     | Identified the +1 giant club "Wiukes" {speed, SInv}
 22873 | D:12     | Found a transporter.
 23059 | D:12     | Reached XP level 16. HP: 118/118 MP: 0/0
 23160 | D:12     | Reached skill level 5 in Invocations
 23166 | D:12     | Killed Longtemps's ghost
 23181 | D:12     | Identified the +1 morningstar of Analysis {protect, rF+
                  | rCorr Dex+3}
 23400 | D:13     | Identified the +2 spear of Jat Nor {holy, rF+}
 24163 | D:13     | Found a gate to the Vaults.
 24357 | D:14     | Found Kohit's Antique Weapon Shoppe.
 24587 | D:14     | Identified the +5 ring mail "Ahues" {rElec Regen+ rCorr
                  | Str-3}
 24671 | D:14     | Reached skill level 1 in Armour
 25042 | D:14     | Reached skill level 15 in Spellcasting
 25042 | D:14     | Reached skill level 15 in Conjurations
 25042 | D:14     | Reached skill level 15 in Hexes
 25042 | D:14     | Reached skill level 15 in Summonings
 25042 | D:14     | Reached skill level 15 in Necromancy
 25042 | D:14     | Reached skill level 15 in Translocations
 25042 | D:14     | Reached skill level 15 in Fire Magic
 25042 | D:14     | Reached skill level 15 in Ice Magic
 25042 | D:14     | Reached skill level 15 in Air Magic
 25042 | D:14     | Reached skill level 15 in Earth Magic
 25042 | D:14     | Reached skill level 15 in Alchemy
 25055 | D:14     | Noticed a sphinx
 25074 | D:14     | Paralysed by a sphinx for 5 turns
 25078 | D:14     | Killed a sphinx
 25377 | D:14     | Reached XP level 17. HP: 90/125 MP: 0/0
 25377 | D:14     | Learned a level 6 spell: Summon Cactus Giant
 25552 | D:14     | Found the +9 sword of Power {lifebolt}
 25698 | Orc:1    | Entered Level 1 of the Orcish Mines
 25698 | Orc:1    | Found Gicraf's Armour Shop.
 25708 | Orc:1    | Reached skill level 5 in Armour
 25838 | Orc:2    | Entered Level 2 of the Orcish Mines
 25893 | Orc:2    | Noticed Azrael
 26028 | Orc:1    | Killed Azrael
 26921 | Orc:2    | Found Utia's Jewellery Shop.
 26924 | Orc:2    | Found Ditziun's Armour Boutique.
 26973 | Orc:2    | Found Raherpho's Distillery.
 26978 | Orc:2    | Bought a potion of heal wounds for 70 gold pieces
 27002 | Orc:2    | Found a staircase to the Elven Halls.
 27102 | Orc:2    | Noticed Erolcha
 27112 | Orc:2    | Killed Erolcha
 28008 | D:5      | Bought 2 potions of haste for 260 gold pieces
 28008 | D:5      | Bought a potion of experience for 650 gold pieces
 28008 | D:5      | Bought a potion of brilliance for 52 gold pieces
 28014 | D:5      | Reached XP level 18. HP: 134/134 MP: 0/0
 28219 | Orc:2    | Bought the +1 pair of gloves of Pessimism {rElec Str+6} for
                  | 433 gold pieces
 28341 | D:15     | Entered Level 15 of the Dungeon
 28760 | D:15     | Found a staircase to the Depths.
 29134 | D:15     | Noticed Jorgrun
 29144 | D:15     | Killed Jorgrun
 30372 | Shoals:1 | Entered Level 1 of the Shoals
 30490 | Shoals:1 | Noticed Nikola
 30513 | Shoals:1 | Killed Nikola
 30561 | Shoals:1 | Noticed an Executioner
 30563 | Shoals:1 | Slain by an Executioner

Illustrated notes

Levels and vault maps discovered:
D:1:      zaba_arrival_water, layout_loops_cross, serial_shops,
          nicolae_shop_pleasant_corner_grove, serial_glass, glass_columns_c,
          glass_columns_a, glass_columns_b, glass_columns_a, glass_columns_a,
          glass_columns_c, glass_columns_c, glass_columns_c, glass_columns_c,
          glass_columns_c, glass_columns_b, glass_columns_b, glass_columns_b,
          glass_columns_a
D:2:      layout_basic
D:3:      layout_basic, mainiacjoe_overflow_tiny_flanked, zin_academy,
          serial_glass, glass_columns_b, glass_columns_a, glass_columns_b,
          glass_columns_b, glass_columns_b, glass_columns_a
D:4:      layout_rooms, kennysheep_mini_moat, nicolae_gozag_seed_capital,
          minmay_temple_entry_tees, hellmonk_ghost_happy_afterlife,
          serial_shops, nicolae_take_the_stairs, minmay_misc_feat_rugged,
          uniq_sigmund, uniq_ijyb, uniq_robin, uniq_natasha
D:5:      layout_basic, serial_shops, shop, shop_coins, shop,
          nicolae_diamond_shop, shop, minmay_mini_ossuary
D:6:      layout_cave_pools, lemuel_round_altar, serial_column_ruins,
          column_ruins_hut, column_ruins_columns_straight,
          column_ruins_open_small_water, column_ruins_columns_straight,
          column_ruins_open_tiny, column_ruins_grid_3, minmay_crystal_room,
          hangedman_decor_slide_cut, uniq_pikel
D:7:      layout_rooms, minmay_between, uniq_prince_ribbit1
D:8:      layout_loops_ring, mainiacjoe_overflow_paths,
          ebering_ghost_inner_flame, minmay_crystal_water,
          minmay_shattered_shrine
D:9:      layout_basic, nemelex_diamond_rough_becter, general_overflow_altar,
          uniq_gastronok
D:10:     layout_rooms, fedhas_altar_3, david_lair_generic,
          minmay_misc_feat_tower
D:11:     layout_stronghold, orc_0_dummy, uniq_urug
D:12:     layout_gridville, gammafunk_ghost_smash, uniq_psyche, uniq_nergalle
D:13:     layout_rooms, grunt_vaults_entry_tiered
D:14:     minmay_guarded_unrand_sword_of_power, layout_basic, serial_shops,
          nicolae_shop_waterfront, minmay_quadrilaterals
D:15:     gammafunk_depths_entry_grave, layout_basic, serial_park_tiny_2,
          hive_lemuel, uniq_jorgrun
Temple:   nicolae_temple_figure_eight
Lair:1:   layout_roguey, gauntlet_entry_generic, chequers_serial_rivers_micro_e,
          cheibrodos_lair_caveside_slide
Lair:2:   layout_regular_city
Lair:3:   layout_loops_ring, elwin_shoals_entry_rooms,
          alex1729_snake_entry_snake, wad_woods_river_04
Lair:4:   layout_regular_city, slime_entry_1, kennysheep_abandoned_house,
          serial_bayou_shore_a, infiniplex_staircase_pool, grunt_megastairs_1
Lair:5:   guppyfry_lair_end_dragon, layout_loops_ring, grunt_megastairs_4,
          lemuel_fruit_fields, lemuel_fruit_tree
Shoals:1: layout_shoals, nicolae_shoals_land_atoll, nicolae_shop_unique_rings,
          nicolae_shoals_seven_spires, uniq_nikola
Orc:1:    layout_caves, serial_shops, shop_coins
Orc:2:    st_orc_town, layout_caves, uniq_erolcha, uniq_azrael

Skill      XL: |  1  2  3  4  5  6  7  8  9 10 11 12 13 14 15 16 17 18 |
---------------+-------------------------------------------------------+-----
Spellcasting   | 4 5 6 7 8 9 12 14 15 16 | 16.0
Conjurations   | 4 5 6 7 8 9 12 14 15 16 | 16.0
Hexes          | 4 5 6 7 8 9 12 14 15 16 | 16.0
Summonings     | 4 5 6 7 8 9 12 14 15 16 | 16.0
Necromancy     | 4 5 6 7 8 9 12 14 15 16 | 16.0
Translocations | 4 5 6 7 8 9 12 14 15 16 | 16.0
Fire Magic     | 4 5 6 7 8 9 12 14 15 16 | 16.0
Ice Magic      | 4 5 6 7 8 9 12 14 15 16 | 16.0
Air Magic      | 4 5 6 7 8 9 12 14 15 16 | 16.0
Earth Magic    | 4 5 6 7 8 9 12 14 15 16 | 16.0
Alchemy        | 4 5 6 7 8 9 12 14 15 16 | 16.0
Fighting       | 2 6 10 11 12 13 14 | 14.0
Dodging        | 5 8 9 |  9.2
Shields        | 3 10 13 14 | 14.3
Invocations    | 4 7 8 |  8.3
Armour         | 4 5 |  5.1
Stealth        | |  1.5

Action                     |  1- 3 |  4- 6 |  7- 9 | 10-12 | 13-15 | 16-18 || total
---------------------------+-------+-------+-------+-------+-------+-------++-------
  Melee: Staff             |       |       |       |       |     1 |       ||     1
         Morningstar       |       |       |       |       |       |    18 ||    18
   Cast: Foxfire           |    59 |    86 |    68 |   104 |   163 |   209 ||   689
         Scorch            |     6 |    25 |    34 |    41 |    42 |    44 ||   192
         Volatile Blastmot |       |     2 |    12 |    27 |    41 |    18 ||   100
         Flame Wave        |       |       |    19 |    54 |   129 |   134 ||   336
         Cause Fear        |       |       |       |     3 |       |       ||     3
         Irradiate         |       |       |       |     5 |    16 |    11 ||    32
         Iskenderun's Batt |       |       |       |       |     3 |     6 ||     9
         Inner Flame       |       |       |       |       |     1 |       ||     1
         Fugue of the Fall |       |       |       |       |     1 |       ||     1
         Eringya's Noxious |       |       |       |       |    23 |    28 ||    51
         Summon Cactus Gia |       |       |       |       |       |    10 ||    10
         Slow              |       |       |       |       |       |     2 ||     2
 Invoke: Lesser Servant of |       |       |       |       |       |     6 ||     6
         Major Destruction |       |       |       |       |       |     6 ||     6
         Minor Destruction |       |       |       |       |       |     3 ||     3
         Greater Servant o |       |       |       |       |       |     1 ||     1
  Evoke: Wand              |       |       |       |       |     1 |     7 ||     8
    Use: Potion            |       |       |       |     2 |     1 |     1 ||     4
         Scroll            |       |       |       |    14 |     8 |     4 ||    26
   Stab: Distracted        |       |       |       |       |       |     1 ||     1
 Armour: Robe              |     5 |    12 |    37 |   120 |   127 |   116 ||   417
         Ring mail         |       |       |       |       |       |   132 ||   132
  Dodge: Dodged            |     6 |    14 |    35 |   105 |   133 |   225 ||   518
         Repelled          |       |       |       |       |     6 |       ||     6
  Block: Kite shield       |       |       |       |    11 |   181 |   448 ||   640
         Reflection        |       |       |       |       |     2 |    32 ||    34
